 Dungeon Crawl Stone Soup version 0.16-a0-890-g98fc465 (console) character file.

90330 Kellhus the Destroyer (level 16, 92/92 HPs)
             Began as a Gargoyle Wizard on Sept 27, 2014.
             Was the Champion of Vehumet.
             Quit the game on Level 14 of the Dungeon on Sept 29, 2014.
             The game lasted 01:51:28 (39508 turns).

Kellhus the Destroyer (Gargoyle Wizard)            Turns: 39508, Time: 01:51:28

HP  92/92        AC 21     Str 11      XL: 16   Next:  0%
MP  51/52        EV 12     Int 26      God: Vehumet [******]
Gold 1136        SH  0     Dex  8      Spells: 10 memorised,  1 level left

rFire  + + .     SeeInvis .     p - staff of power
rCold  + . .     Clarity  .     M - +2 leather armour {rF+}
rNeg   + . .     rCorr    .     (no shield)
rPois  +         rRot     +     z - +0 hat {rC+}
rElec  +         Spirit   .     I - +2 cloak {MR+}
SustAb .         Warding  .     N - +1 pair of gloves
rMut   +         Stasis   .     (no boots)
Gourm  .                        Q - amulet of resist mutation
MR     ++...                    y - ring of protection from fire
                                B - ring of regeneration

@: flying, repel missiles, very resistant to hostile enchantments, very
unstealthy
A: able to fly continuously, big wings, negative energy resistance 1,
electricity resistance, spit poison 1, unbreathing, petrification resistance,
rot immunity, AC +11
a: Spit Poison, Stop Flying, Renounce Religion


You were on level 14 of the Dungeon.
You worshipped Vehumet.
Vehumet was exalted by your worship.
You were hungry.

You visited 4 branches of the dungeon, and saw 27 of its levels.
You also visited: Bailey, Ice Cave and Volcano.

You collected 3131 gold pieces.
You spent 1995 gold pieces at shops.

Inventory:

Hand weapons
 a - the +8 mithril axe "Arga" {speed, MR+ Str+2}
   (You bought it in a shop on level 4 of the Orcish Mines)

   Attacks with this weapon are significantly faster.
   It affects your strength (+2).
   It affects your resistance to hostile enchantments.
 G - the +1 trident of the Vendetta {pierce, rF++}
   (You found it on level 6 of the Dungeon)

   It inflicts extra damage upon your enemies.
   It greatly protects you from fire.
Armour
 b - a +1 cloak of cold resistance
 t - a +0 helmet
 z - a +0 hat of cold resistance (worn)
 C - a +2 cloak of cold resistance
 I - a +2 cloak of magic resistance (worn)
 M - a +2 leather armour of fire resistance (worn)
 N - a +1 pair of gloves (worn)
Magical devices
 h - a wand of digging (0)
 n - a wand of digging (6)
 q - a wand of hasting (6)
 x - a wand of disintegration (8)
 E - a wand of cold (9)
 Z - a wand of magic darts (17) {unknown}
Comestibles
 d - 14 bread rations
 g - a rotting chunk of electric eel flesh
 k - 10 meat rations
 S - 3 beef jerkies
 X - a fruit
Scrolls
 e - 5 scrolls of remove curse
 i - 5 scrolls of enchant armour
 l - 3 scrolls of blinking
 o - 10 scrolls of teleportation
 u - a scroll of magic mapping
 v - 6 scrolls of enchant weapon
 w - 3 scrolls of fog
 H - 5 scrolls of amnesia
 J - 4 scrolls of random uselessness {unknown}
 K - a scroll of fear
 O - a scroll of acquirement
 P - 6 scrolls of recharging
 W - 3 scrolls of noise {unknown}
 Y - 2 scrolls of brand weapon
Jewellery
 y - a ring of protection from fire (right hand)
 B - a ring of regeneration (left hand)
 L - an uncursed ring of ice
 Q - an amulet of resist mutation (around neck)
Potions
 c - a potion of cancellation
 f - 4 potions of might
 j - 2 potions of magic
 m - 6 potions of heal wounds
 r - 3 potions of porridge
 s - 3 potions of resistance
 A - 4 potions of haste
 D - a potion of lignification {unknown}
 F - a potion of beneficial mutation
 R - 11 potions of curing
 T - a potion of brilliance
 U - 5 potions of agility
 V - a potion of cure mutation
Magical staves
 p - an uncursed staff of power (weapon)


   Skills:
 - Level 7.0 Fighting
 + Level 3.9 Axes
 - Level 5.5 Dodging
 - Level 2.1 Stealth
 - Level 12.0 Spellcasting
 - Level 15.0 Conjurations
   Level 0.8 Summonings
 - Level 0.8 Translocations
 - Level 13.0 Fire Magic
 - Level 10.0 Earth Magic
 - Level 10.0 Poison Magic


You had one spell level left.
You knew the following spells:

 Your Spells              Type           Power        Failure   Level  Hunger
a - Stone Arrow           Conj/Erth      ######       1%          3    None
b - Sticky Flame          Conj/Fire      ######..     1%          4    None
c - Mephitic Cloud        Conj/Pois/Air  ######..     1%          3    None
d - Fireball              Conj/Fire      ######....   1%          5    ##.....
e - Venom Bolt            Conj/Pois      ######....   1%          5    ##.....
g - Iron Shot             Conj/Erth      ######....   1%          6    #####..
l - Blink                 Tloc           N/A          4%          2    None
p - Poison Arrow          Conj/Pois      ######....   1%          6    #####..
r - Repel Missiles        Chrm/Air       ###...       6%          2    None
s - Swiftness             Chrm/Air       ###.....     6%          2    None


Dungeon Overview and Level Annotations

Branches:
Dungeon (14/15)            Temple (1/1) D:6             Orc (4/4) D:12
    Elf (0/3) Orc:3          Lair (8/8) D:8           Swamp (0/5) Lair:5
  Snake (0/5) Lair:5        Slime (0/6) Lair:8       Vaults (0/5) D:13

Altars:
Ashenzari
Cheibriados
Dithmenos
Elyvilon
Fedhas
Gozag
Kikubaaqudgha
Makhleb
Nemelex Xobeh
Okawaru
Qazlal
Ru
Sif Muna
Trog
Vehumet
Xom
Yredelemnul
Zin
The Shining One
Beogh
Jiyva

Shops:
Orc:1 *   Orc:2 [   Orc:3 *   Orc:4 %*}?


Innate Abilities, Weirdness & Mutations

You are resistant to torment.
You are immune to poison.
You can fly continuously.
Your stone body is very resilient (AC +11).
Your wings are large and strong.
You resist negative energy.
You are resistant to electric shocks.
You can survive without breathing.
You are immune to petrification.
You are immune to rotting.
You can spit poison.


Message History

An electric eel is nearby!
Casting: Stone Arrow
Confirm with . or Enter, or press ? or * to list all spells.
Aiming: Stone Arrow
Press: ? - help, Shift-Dir - straight line, f/p - electric eel
Aim: an electric eel The stone arrow hits the electric eel.
You kill the electric eel!
Vehumet accepts your kill.
You feel your power returning.
Found a plate armour.
Saving game... please wait.
Welcome back, Kellhus the Gargoyle Wizard.
Vehumet says: Let it end in hellfire!
Press ? for a list of commands and other information.
Saving game... please wait.
Welcome back, Kellhus the Gargoyle Wizard.
Vehumet says: Let it end in hellfire!
Press ? for a list of commands and other information.
Are you sure you want to abandon this character and quit the game? (Confirm with "yes".)

..# ##. ..## ..[... ...###
#...... ≈...... ##.......
≈≈...... #........# ≈≈≈≈≈≈≈..
#........# ≈≈≈≈≈≈≈... #
#......%.#
≈≈≈≈≈≈≈≈≈.##.##........##
.≈≈≈≈≈≈≈≈≈......@........
..≈%≈≈≈≈≈≈...##.#####≈###
...≈≈≈≈≈≈≈........##≈≈≈#..
..#.≈≈≈≈≈≈#####.#.#≈≈≈≈≈...
..#.≈≈≈≈≈≈# #.#.≈≈≈≈≈≈....
≈##.≈≈≈≈≈≈# #.#≈≈≈≈≈≈≈≈.#
≈≈...≈≈≈≈≈# #.#≈≈≈≈≈≈≈≈.####
≈≈≈.##≈≈≈≈# #.#.≈≈≈≈≈.......
≈≈#.##.≈≈######.#.#≈≈≈≈.......


There were no monsters in sight!

Vanquished Creatures
  Maud (Lair:4)
  A frost giant (IceCv)
  A red draconian (Volcano)
  An ettin (Orc:4)
  2 fire dragons
  7 hydras
  Harold (Lair:1)
  Nessos (D:11)
  Erica (Lair:7)
  A centaur warrior (D:13)
  2 tengu warriors (D:12)
  4 death yaks (Lair:4)
  2 catoblepae
  A deep elf knight (Bailey)
  2 unseen horrors
  An ice statue (IceCv)
  Erolcha (Orc:4)
  Pikel (D:4)
  4 hill giants
  2 ugly things (D:13)
  3 orc knights (Orc:4)
  2 orc sorcerers
  4 cyclopes
  An oklob plant (D:12)
  3 griffons
  2 wolf spiders (Lair:8)
  A red wasp (Lair:8)
  2 guardian serpents
  Maurice (D:8)
  9 black mambas
  2 orange crystal statues
  A queen ant (Lair:8)
  13 spiny frogs
  A kobold demonologist (D:12)
  3 fire drakes
  A deep elf priest (Bailey)
  7 komodo dragons
  The ghost of Afay the Ducker, an average MfBe of Trog (D:4)
  A hydra skeleton (D:10)
  19 polar bears
  A boulder beetle (Lair:8)
  3 trolls
  8 blink frogs
  2 two-headed ogres
  4 basilisks
  3 ravens (D:12)
  4 slime creatures (D:12)
  2 trapdoor spiders
  A spriggan (D:8)
  4 deep elf magi
  A wraith (D:10)
  A vampire (D:13)
  A water elemental (D:14)
  66 yaks
  4 hungry ghosts
  Eustachio (D:7)
  2 wyverns
  5 deep elf fighters
  4 steam dragons
  6 hippogriffs
  2 hill giant skeletons
  2 vampire mosquitoes (D:12)
  15 wolves
  11 soldier ants
  7 porcupines
  4 wargs
  2 mottled dragons (Lair:8)
  A naga (Lair:5)
  18 water moccasins
  5 ice beasts
  39 orc warriors
  7 spiders (Lair:8)
  A swamp drake (Lair:8)
  5 necrophages (Lair:2)
  A sky beast (D:5)
  A slave (D:4)
  A black bear (Lair:3)
  A manticore zombie (D:14)
  4 yellow wasps
  16 ogres
  A boring beetle (Lair:8)
  2 orc skeletons
  Sigmund (D:2)
  Duvessa (D:4)
  15 centaurs
  21 crocodiles
  2 big kobolds (D:12)
  Blork the orc (D:7)
  A komodo dragon skeleton (D:14)
  20 giant frogs
  18 wights
  2 scorpions
  7 killer bees (D:9)
  2 quasits
  Dowan (D:4)
  6 crimson imps
  2 goliath beetles
  A vampire bat (D:5)
  11 electric eels
  17 iguanas
  23 orc priests
  17 hounds
  A yellow wasp zombie (D:10)
  An elf zombie (D:10)
  A giant frog skeleton (D:6)
  31 worker ants
  Natasha (twice) (D:5)
  27 orc wizards
  8 orange rats
  2 sky beast zombies
  A mottled dragon zombie (D:11)
  49 sheep
  2 mummies (D:10)
  2 worker ant zombies
  28 adders
  5 gnolls
  93 green rats
  2 orc zombies
  12 white imps (Orc:4)
  3 worms
  3 adder zombies
  2 adder skeletons
  A gnoll skeleton (D:5)
  10 giant geckos
  164 orcs
  2 spectral bats (D:5)
  22 bats
  A bat simulacrum (D:5)
  3 bat skeletons (D:5)
  A bat zombie (D:5)
  3 fire bats (D:5)
  5 giant cockroaches
  20 hobgoblins
  3 jackals (D:1)
  22 kobolds
  An ooze (D:1)
  10 quokkas
  A ball python (D:3)
  A giant gecko zombie (D:6)
  7 giant newts
  A giant newt zombie (D:5)
  4 giant spores
  18 goblins
  A goblin skeleton (D:4)
  15 rats
  13 ballistomycetes
  2 fungi
  5 plants
1163 creatures vanquished.

Vanquished Creatures (others)
  A giant spore (D:7)
  7 fungi
  6 plants
14 creatures vanquished.

Grand Total: 1177 creatures vanquished

Notes
Turn   | Place    | Note
--------------------------------------------------------------
     0 | D:1      | Kellhus, the Gargoyle Wizard, began the quest for the Orb.
     0 | D:1      | Reached XP level 1. HP: 10/10 MP: 4/4
   516 | D:1      | Reached XP level 2. HP: 15/15 MP: 3/6
   919 | D:1      | Reached XP level 3. HP: 17/19 MP: 1/7
  1347 | D:2      | Noticed Sigmund
  1350 | D:2      | Gained mutation: You can spit poison. [potion of beneficial mutation]
  1481 | D:2      | Learned a level 3 spell: Conjure Flame
  1485 | D:2      | Learned a level 3 spell: Mephitic Cloud
  1604 | D:2      | Killed Sigmund
  1604 | D:2      | Reached skill level 5 in Conjurations
  1604 | D:2      | Reached XP level 4. HP: 24/24 MP: 0/9
  1693 | D:2      | Reached XP level 5. HP: 28/28 MP: 6/11
  2681 | D:3      | Found a shattered altar of Ashenzari.
  2938 | D:3      | Found a stormy altar of Qazlal.
  3087 | D:4      | Noticed Duvessa
  3094 | D:4      | Noticed Dowan
  3107 | D:4      | Killed Duvessa
  3107 | D:4      | Reached skill level 6 in Conjurations
  3107 | D:4      | Reached XP level 6. HP: 25/32 MP: 1/12
  3225 | D:4      | Killed Dowan
  3435 | D:4      | Noticed Afay's ghost (average MfBe)
  3567 | D:4      | Reached skill level 7 in Conjurations
  4010 | D:4      | Noticed a slave
  4035 | D:4      | Killed a slave
  4400 | D:4      | Found a sacrificial altar of Ru.
  4434 | D:4      | Killed Afay's ghost
  4434 | D:4      | Reached skill level 5 in Spellcasting
  4434 | D:4      | Reached XP level 7. HP: 36/36 MP: 0/18
  4991 | D:4      | Noticed Pikel
  4993 | D:4      | Noticed a slave
  4997 | D:4      | Noticed a slave
  5002 | D:4      | Noticed a slave
  5005 | D:4      | Killed Pikel
  5005 | D:4      | Reached XP level 8. HP: 31/41 MP: 13/23
  5103 | D:4      | Learned a level 2 spell: Blink
  5106 | D:4      | Learned a level 2 spell: Repel Missiles
  5108 | D:5      | Entered Level 5 of the Dungeon
  5527 | D:5      | Reached skill level 8 in Conjurations
  5547 | D:5      | Learned a level 5 spell: Fireball
  5636 | D:5      | Reached skill level 1 in Fire Magic
  6002 | D:5      | Noticed Natasha
  6007 | D:5      | Killed Natasha
  6242 | D:5      | Found a sparkling altar of Nemelex Xobeh.
  6428 | D:5      | Noticed Natasha
  6428 | D:5      | Reached XP level 9. HP: 35/45 MP: 7/24
  6431 | D:5      | Killed Natasha
  6820 | D:6      | Reached skill level 5 in Fire Magic
  7079 | D:6      | Found a staircase to the Ecumenical Temple.
  7089 | Temple   | Entered the Ecumenical Temple
  7161 | Temple   | Became a worshipper of Vehumet
  7315 | D:6      | Got an encrusted trident
  7316 | D:6      | Identified the +1 trident of the Vendetta {pierce, rF++} (You found it on level 6 of the Dungeon)
  7807 | D:7      | Noticed Eustachio
  7818 | D:7      | Acquired Vehumet's first power
  7818 | D:7      | Offered knowledge of Sandblast by Vehumet.
  7829 | D:7      | Killed Eustachio
  7852 | D:7      | Found a flagged portal.
  7876 | Bailey   | Entered a bailey
  7937 | Bailey   | Noticed a deep elf priest
  7955 | Bailey   | Killed a deep elf priest
  7955 | Bailey   | Reached skill level 9 in Conjurations
  7958 | Bailey   | Reached skill level 10 in Conjurations
  7958 | Bailey   | Reached XP level 10. HP: 32/50 MP: 7/25
  8190 | Bailey   | Noticed a deep elf knight
  8195 | Bailey   | Killed a deep elf knight
  8195 | Bailey   | Reached skill level 11 in Conjurations
  8384 | Bailey   | Identified a scroll of acquirement
  8414 | D:7      | Noticed Blork the orc
  8445 | D:7      | Killed Blork the orc
  9307 | D:8      | Noticed Maurice
  9333 | D:8      | Killed Maurice
  9333 | D:8      | Reached skill level 12 in Conjurations
  9814 | D:8      | Offered knowledge of Shock by Vehumet.
 10125 | D:8      | Found a staircase to the Lair.
 10341 | Lair:1   | Entered Level 1 of the Lair of Beasts
 10737 | Lair:1   | Reached skill level 1 in Poison Magic
 10812 | Lair:1   | Reached XP level 11. HP: 42/54 MP: 26/26
 10860 | Lair:1   | Learned a level 5 spell: Venom Bolt
 10990 | Lair:1   | Noticed Harold
 11569 | Lair:1   | Reached skill level 5 in Poison Magic
 11845 | Lair:1   | Offered knowledge of Throw Frost by Vehumet.
 12247 | Lair:1   | Killed Harold
 12247 | Lair:1   | Acquired Vehumet's second power
 13213 | Lair:1   | Offered knowledge of Stone Arrow by Vehumet.
 13230 | Lair:1   | Learned a level 3 spell: Stone Arrow
 13292 | Lair:2   | Reached skill level 1 in Earth Magic
 13301 | Lair:2   | Noticed a six-headed hydra
 13609 | Lair:2   | Noticed an eight-headed hydra
 13670 | Lair:2   | Found a dark tunnel.
 13693 | Volcano  | Entered a volcano
 13771 | Volcano  | Noticed a red draconian
 13787 | Volcano  | Killed a red draconian
 13787 | Volcano  | Reached XP level 12. HP: 31/59 MP: 0/27
 14250 | Lair:2   | Acquired Vehumet's third power
 14592 | Lair:2   | Offered knowledge of Sticky Flame by Vehumet.
 14601 | Lair:2   | Learned a level 4 spell: Sticky Flame
 14690 | Lair:2   | Killed an eight-headed hydra
 14964 | Lair:2   | Killed a six-headed hydra
 15195 | Lair:2   | Noticed a seven-headed hydra
 15204 | Lair:2   | Killed a seven-headed hydra
 15696 | Lair:3   | Reached skill level 10 in Fire Magic
 16366 | Lair:3   | Offered knowledge of Lee's Rapid Deconstruction by Vehumet.
 16929 | Lair:3   | Noticed a four-headed hydra
 16933 | Lair:3   | Killed a four-headed hydra
 17503 | Lair:3   | Reached skill level 10 in Poison Magic
 17504 | Lair:3   | Reached skill level 10 in Earth Magic
 17662 | Lair:4   | Noticed a death yak
 17675 | Lair:4   | Noticed a five-headed hydra
 17676 | Lair:4   | Noticed a death yak
 17691 | Lair:4   | Killed a five-headed hydra
 17691 | Lair:4   | Reached XP level 13. HP: 63/63 MP: 13/29
 17774 | Lair:4   | Noticed a death yak
 17777 | Lair:4   | Noticed a death yak
 17794 | Lair:4   | Killed a death yak
 17794 | Lair:4   | Killed a death yak
 17799 | Lair:4   | Killed a death yak
 17802 | Lair:4   | Killed a death yak
 18331 | Lair:4   | Noticed Maud
 18337 | Lair:4   | Killed Maud
 18617 | Lair:4   | Reached skill level 10 in Spellcasting
 18994 | Lair:5   | Found a staircase to the Swamp.
 19171 | Lair:5   | Found a staircase to the Snake Pit.
 19413 | Lair:5   | Offered knowledge of Delayed Fireball by Vehumet.
 21310 | Lair:6   | Reached skill level 13 in Conjurations
 22003 | Lair:6   | Offered knowledge of Bolt of Magma by Vehumet.
 22090 | Lair:7   | Noticed Erica
 22093 | Lair:7   | Killed Erica
 22290 | Lair:7   | Gained mutation: Your wings are large and strong. [gargoyle growth]
 22290 | Lair:7   | Reached XP level 14. HP: 62/68 MP: 33/33
 22865 | Lair:8   | Entered Level 8 of the Lair of Beasts
 24308 | Lair:8   | Offered knowledge of Force Lance by Vehumet.
 24387 | Lair:8   | Found a staircase to the Slime Pits.
 24387 | Lair:8   | Found a viscous altar of Jiyva.
 24726 | Lair:8   | Reached skill level 14 in Conjurations
 26674 | D:9      | Found a bloodstained altar of Trog.
 26675 | D:9      | Found a shadowy altar of Dithmenos.
 26675 | D:9      | Found a blossoming altar of Fedhas.
 26914 | D:9      | Offered knowledge of Freezing Cloud by Vehumet.
 27351 | D:10     | Entered Level 10 of the Dungeon
 28697 | D:10     | Got a steaming great mace
 28701 | D:10     | Learned a level 2 spell: Swiftness
 29386 | D:11     | Identified the +6 great mace "Joemed" {crush, Dex+1} (You found it on level 10 of the Dungeon)
 30026 | D:11     | Noticed Nessos
 30031 | D:11     | Killed Nessos
 30497 | D:12     | Offered knowledge of Iron Shot by Vehumet.
 30560 | D:12     | Reached skill level 1 in Fighting
 30679 | D:12     | Found a bloodstained altar of Trog.
 30699 | D:12     | Reached XP level 15. HP: 72/76 MP: 31/34
 31064 | D:12     | Learned a level 6 spell: Iron Shot
 31376 | D:12     | Reached skill level 5 in Fighting
 31748 | D:12     | Offered knowledge of Poison Arrow by Vehumet.
 31976 | D:12     | Found a staircase to the Orcish Mines.
 32345 | Lair:8   | Got an encrusted ring mail
 32356 | Lair:8   | Identified the +3 ring mail of Resk {rC++} (You found it on level 8 of the Lair of Beasts)
 32726 | Orc:1    | Entered Level 1 of the Orcish Mines
 32726 | Orc:1    | Found Aguluaji's General Store.
 32951 | Orc:1    | Found a radiant altar of Vehumet.
 33311 | Orc:1    | Found a bloodstained altar of Trog.
 33523 | Orc:1    | Learned a level 6 spell: Poison Arrow
 33738 | Orc:2    | Found Muockunu's Armour Emporium.
 33894 | Orc:3    | Found Odamaink's General Store.
 34058 | Orc:3    | Found a staircase to the Elven Halls.
 34179 | Orc:3    | Found a roughly hewn altar of Beogh.
 34325 | Orc:3    | Offered knowledge of Lehudib's Crystal Spear by Vehumet.
 34325 | Orc:3    | Offered knowledge of Glaciate by Vehumet.
 34325 | Orc:3    | Offered knowledge of Chain Lightning by Vehumet.
 34988 | Orc:4    | Entered Level 4 of the Orcish Mines
 35120 | Orc:4    | Found a frozen archway.
 35238 | IceCv    | Entered an ice cave
 35656 | IceCv    | Noticed a frost giant
 35663 | IceCv    | Killed a frost giant
 36042 | IceCv    | Reached skill level 5 in Dodging
 36378 | Orc:4    | Noticed Erolcha
 36381 | Orc:4    | Killed Erolcha
 37288 | Orc:4    | Found Pemerche's Gadget Boutique.
 37288 | Orc:4    | Found Punueffaupt's Assorted Antiques.
 37291 | Orc:4    | Found Pra Kled's Food Emporium.
 37293 | Orc:4    | Found Chorgh's Magic Scroll Shop.
 37758 | Orc:4    | Bought the +8 mithril axe "Arga" {speed, MR+ Str+2} for 1995 gold pieces
 37898 | D:13     | Reached skill level 1 in Axes
 38178 | D:13     | Found a deep blue altar of Sif Muna.
 38769 | D:13     | Reached skill level 15 in Conjurations
 38944 | D:13     | Found a gate to the Vaults.
 39389 | D:14     | Reached XP level 16. HP: 84/92 MP: 35/35
 39508 | D:14     | Upgraded the game from 0.16-a0-787-g31dbbe7 to 0.16-a0-890-g98fc465
 39508 | D:14     | Quit the game

Action                   |  1- 3 |  4- 6 |  7- 9 | 10-12 | 13-15 | 16-18 || total
-------------------------+-------+-------+-------+-------+-------+-------++-------
Melee: Unarmed           |    59 |     1 |       |       |       |       ||    60
       Trident           |       |       |     2 |    53 |       |       ||    55
       Blowgun           |       |       |     2 |       |       |       ||     2
       Staff             |       |       |       |       |    78 |       ||    78
 Fire: Blowgun           |       |    17 |    79 |   131 |       |       ||   227
 Cast: Magic Dart        |    64 |   111 |   288 |   280 |       |       ||   743
       Mephitic Cloud    |     1 |     2 |     6 |    14 |       |       ||    23
       Conjure Flame     |       |     4 |     5 |     9 |       |       ||    18
       Repel Missiles    |       |       |     1 |       |     8 |       ||     9
       Fireball          |       |       |     4 |    47 |   141 |       ||   192
       Venom Bolt        |       |       |       |    54 |   150 |       ||   204
       Stone Arrow       |       |       |       |   121 |   945 |     5 ||  1071
       Sticky Flame      |       |       |       |     3 |    16 |       ||    19
       Blink             |       |       |       |     2 |     2 |       ||     4
       Poison Arrow      |       |       |       |       |    29 |       ||    29
       Iron Shot         |       |       |       |       |     4 |       ||     4
 Abil: Spit Poison       |     4 |     8 |       |       |       |       ||    12
       Fly               |       |       |       |       |     1 |       ||     1
Evoke: Wand              |       |       |       |     1 |     9 |       ||    10
  Use: Potion            |     3 |       |       |       |     1 |       ||     4
       Scroll            |       |       |       |    25 |    16 |       ||    41
 Stab: Sleeping          |       |     1 |       |     1 |       |       ||     2
       Confused          |       |       |     2 |     6 |       |       ||     8
  Eat: Chunk             |     2 |    10 |    11 |    45 |    85 |       ||   153
       Bread ration      |       |       |       |     1 |     2 |       ||     3
